TOP OF THE 1ST |
Stockton Ports batting - Pitching for Salinas Fire Frogs : RHP Francisco Baeza
|
Pitching: RHP Francisco Baeza
|
|
Batting: RHB Ramon Valdez
|
0-0: Called Strike 0-1: Ball 1-1: Ball 2-1: Called Strike 2-2: Ball 3-2: SINGLE (Line Drive, 8LS, EV 108.1 MPH)
|
Batting: RHB Pasquale Raimondo
|
0-0: Foul Ball, location: 2F 0-1: Reached on error, E5 (Groundball, 56, EV 106.9 MPH) Ramon Valdez to second
|
Batting: LHB Christopher O'Brien
|
0-0: Ball 1-0: Ball 2-0: Ball 3-0: Base on Balls Ramon Valdez to third Pasquale Raimondo to second
|
Batting: SHB Tracy Edwards
|
0-0: Ball 1-0: Fielders Choice at 2nd, 4-6 (Groundball, 4, EV 88.1 MPH) Ramon Valdez scores Pasquale Raimondo to third
|
Batting: RHB Johnny Salery
|
0-0: Called Strike 0-1: Foul Ball, location: 2F 0-2: Strikes out swinging
|
Batting: SHB Jose Mercado
|
0-0: Called Strike 0-1: Ball 1-1: Ball 2-1: Called Strike 2-2: Ground out 6-3 (Groundball, 6S, EV 89.4 MPH)
|
Top of the 1st over - 1 run, 1 hit, 1 error, 2 left on base; Stockton 1 - Salinas 0 |
BOTTOM OF THE 1ST |
Salinas Fire Frogs batting - Pitching for Stockton Ports : RHP Jim Dorsey
|
Pitching: RHP Jim Dorsey
|
|
Batting: RHB Bobby Morin
|
0-0: Foul Ball, location: 2F 0-1: Ground out 4-3 (Groundball, 4, EV 91.3 MPH)
|
Batting: RHB Carlos Urias
|
0-0: Called Strike 0-1: Ball 1-1: Ball 2-1: Fly out, F8 (Flyball, 8LS, EV 84.4 MPH)
|
Batting: LHB Raymond Smith
|
0-0: Foul Ball, location: 2F 0-1: Foul Ball, location: 2F 0-2: Foul Ball, location: 2F 0-2: Ground out 6-3 (Groundball, 6M, EV 93.1 MPH)
|
Bottom of the 1st over - 0 runs, 0 hits, 0 errors, 0 left on base; Stockton 1 - Salinas 0 |
TOP OF THE 2ND |
Stockton Ports batting - Pitching for Salinas Fire Frogs : RHP Francisco Baeza
|
Batting: RHB Chris Sabo
|
0-0: Called Strike 0-1: Foul Ball, location: 2F 0-2: Fly out, F9 (Line Drive, 9, EV 100.0 MPH)
|
Batting: RHB Timothy Presko
|
0-0: Called Strike 0-1: Swinging Strike 0-2: Strikes out looking
|
Batting: SHB Mike Hennessy
|
0-0: Ball 1-0: Swinging Strike 1-1: Foul Ball, location: 2F 1-2: Ball 2-2: Foul Ball, location: 2F 2-2: Foul Ball, location: 2F 2-2: Foul Ball, location: 2F 2-2: Foul Ball, location: 2F 2-2: Foul Ball, location: 2F 2-2: Ball 3-2: Ground out 6-3 (Groundball, 6, EV 85.0 MPH)
|
Top of the 2nd over - 0 runs, 0 hits, 0 errors, 0 left on base; Stockton 1 - Salinas 0 |
BOTTOM OF THE 2ND |
Salinas Fire Frogs batting - Pitching for Stockton Ports : RHP Jim Dorsey
|
Batting: RHB Bruce Morrison
|
0-0: Ball 1-0: DOUBLE (Flyball, 78XD, EV 113.8 MPH)
|
Batting: RHB Kevin Mitchell
|
0-0: Fly out, F8 (Line Drive, 8RD, EV 105.0 MPH)
|
Batting: LHB Daryl Pitts
|
0-0: Ball 1-0: Ground out 3-1 (Groundball, 34, EV 88.8 MPH) Bruce Morrison to third
|
Batting: LHB Charles McGehee
|
0-0: Ball 1-0: Foul Ball, location: 2F 1-1: Ball 2-1: Foul Ball, location: 2F 2-2: Fly out, F8 (Line Drive, 8RM, EV 93.8 MPH)
|
Bottom of the 2nd over - 0 runs, 1 hit, 0 errors, 1 left on base; Stockton 1 - Salinas 0 |
TOP OF THE 3RD |
Stockton Ports batting - Pitching for Salinas Fire Frogs : RHP Francisco Baeza
|
Batting: RHB Ramon Valdez
|
0-0: Called Strike 0-1: Ball 1-1: Fly out, F8 (Flyball, 78S, EV 88.8 MPH)
|
Batting: RHB Pasquale Raimondo
|
0-0: Called Strike 0-1: Ball 1-1: Ball 2-1: Swinging Strike 2-2: SINGLE (Line Drive, 7S, EV 92.5 MPH)
|
Batting: LHB Christopher O'Brien
|
0-0: TRIPLE (Line Drive, 78XD, EV 105.6 MPH) Pasquale Raimondo scores
|
Batting: SHB Tracy Edwards
|
0-0: Called Strike 0-1: Ball 1-1: Ball 2-1: Swinging Strike 2-2: Ball 3-2: Fly out, F9 (Flyball, 9S, EV 91.3 MPH)
|
Batting: RHB Johnny Salery
|
0-0: Ball 1-0: Called Strike 1-1: Foul Ball, location: 2F 1-2: SINGLE (Groundball, 5D, EV 108.1 MPH) Christopher O'Brien scores
|
Batting: SHB Jose Mercado
|
0-0: Foul Ball, location: 2F 0-1: Ball 1-1: Ball 2-1: Fielders Choice at 2nd, 6-4 (Groundball, 6, EV 83.1 MPH)
|
Top of the 3rd over - 2 runs, 3 hits, 0 errors, 1 left on base; Stockton 3 - Salinas 0 |
BOTTOM OF THE 3RD |
Salinas Fire Frogs batting - Pitching for Stockton Ports : RHP Jim Dorsey
|
Batting: RHB Ramon Jimenez
|
0-0: Called Strike 0-1: Ground out 6-3 (Groundball, P, EV 79.4 MPH)
|
Batting: RHB Bruce Seid
|
0-0: Ball 1-0: Called Strike 1-1: Foul Ball, location: 2F 1-2: Foul Ball, location: 2F 1-2: Ground out 5-3 (Groundball, 56, EV 90.0 MPH)
|
Batting: RHB Bobby Morin
|
0-0: Ball 1-0: Fly out, F8 (Flyball, 8RD, EV 96.3 MPH)
|
Bottom of the 3rd over - 0 runs, 0 hits, 0 errors, 0 left on base; Stockton 3 - Salinas 0 |
TOP OF THE 4TH |
Stockton Ports batting - Pitching for Salinas Fire Frogs : RHP Francisco Baeza
|
Batting: RHB Chris Sabo
|
0-0: Ball 1-0: Called Strike 1-1: Swinging Strike 1-2: Ball 2-2: Ball 3-2: Ground out 4-3 (Groundball, 4, EV 82.5 MPH)
|
Batting: RHB Timothy Presko
|
0-0: Foul Ball, location: 2F 0-1: Ball 1-1: Ball 2-1: Foul Ball, location: 2F 2-2: Ground out 4-3 (Groundball, 4, EV 86.9 MPH)
|
Batting: SHB Mike Hennessy
|
0-0: Swinging Strike 0-1: Ball 1-1: Swinging Strike 1-2: Strikes out looking
|
Top of the 4th over - 0 runs, 0 hits, 0 errors, 0 left on base; Stockton 3 - Salinas 0 |
BOTTOM OF THE 4TH |
Salinas Fire Frogs batting - Pitching for Stockton Ports : RHP Jim Dorsey
|
Batting: RHB Carlos Urias
|
0-0: Ball 1-0: Foul Ball, location: 2F 1-1: Ground out 5-3 (Groundball, 56, EV 101.3 MPH)
|
Batting: LHB Raymond Smith
|
0-0: Ball 1-0: Foul Ball, location: 2F 1-1: Foul Ball, location: 2F 1-2: Ball 2-2: Ball 3-2: Base on Balls
|
Batting: RHB Bruce Morrison
|
0-0: Ball 1-0: Fly out, F8 (Line Drive, 8LD, EV 83.1 MPH)
|
Batting: RHB Kevin Mitchell
|
0-0: Ball Pickoff Throw to First - Error! E1 Raymond Smith to second 1-0: Fly out, F5 (Popup, 56S, EV 66.9 MPH)
|
Bottom of the 4th over - 0 runs, 0 hits, 1 error, 1 left on base; Stockton 3 - Salinas 0 |
TOP OF THE 5TH |
Stockton Ports batting - Pitching for Salinas Fire Frogs : RHP Francisco Baeza
|
Batting: RHB Ramon Valdez
|
0-0: Called Strike 0-1: Ball 1-1: Ball 2-1: Swinging Strike 2-2: Ball 3-2: Base on Balls
|
Batting: RHB Pasquale Raimondo
|
0-0: Ball 1-0: Reached on error, E8 (Flyball, 8LD, EV 96.3 MPH) Ramon Valdez to third
|
Batting: LHB Christopher O'Brien
|
0-0: Foul Ball, location: 2F 0-1: Ball 1-1: Called Strike 1-2: SINGLE (Flyball, 34D, EV 90.0 MPH) Ramon Valdez scores Pasquale Raimondo to third Runner from 3rd tries for Home, SAFE, throw by RF to home Christopher O'Brien to second
|
Batting: SHB Tracy Edwards
|
0-0: Called Strike 0-1: Ball 1-1: Swinging Strike 1-2: Foul Ball, location: 2F 1-2: Ground out 6-3 (Groundball, 6MS, EV 85.6 MPH) Christopher O'Brien to third
|
Batting: RHB Johnny Salery
|
0-0: Ball 1-0: Ball 2-0: Called Strike 2-1: Ground out 4-3 (Groundball, 4, EV 82.5 MPH) Christopher O'Brien scores
|
Batting: SHB Jose Mercado
|
0-0: Called Strike 0-1: Swinging Strike 0-2: Ball 1-2: Hit by Pitch
|
Batting: RHB Chris Sabo
|
0-0: Called Strike 0-1: Ball 1-1: SINGLE (Groundball, 56D, EV 98.8 MPH) Jose Mercado to second
|
Batting: RHB Timothy Presko
|
0-0: Called Strike 0-1: Ball 1-1: Ball 2-1: Foul Ball, location: 2F 2-2: Ball 3-2: Foul Ball, location: 2F 3-2: Base on Balls Jose Mercado to third Chris Sabo to second
|
Batting: SHB Mike Hennessy
|
0-0: Called Strike 0-1: Ball 1-1: Foul Ball, location: 2F 1-2: Foul Ball, location: 2F 1-2: Ball 2-2: Fly out, F8 (Flyball, 8LD, EV 98.1 MPH)
|
Top of the 5th over - 3 runs, 2 hits, 1 error, 3 left on base; Stockton 6 - Salinas 0 |
BOTTOM OF THE 5TH |
Salinas Fire Frogs batting - Pitching for Stockton Ports : RHP Jim Dorsey
|
Batting: LHB Daryl Pitts
|
0-0: Ball 1-0: Fly out, F5 (Popup, 25F, EV 79.4 MPH)
|
Batting: LHB Charles McGehee
|
0-0: Foul Ball, location: 2F 0-1: Ball 1-1: Ball 2-1: Called Strike 2-2: Ball 3-2: Strikes out swinging
|
Batting: RHB Ramon Jimenez
|
0-0: Called Strike 0-1: Fly out, F7 (Flyball, 7S, EV 88.8 MPH)
|
Bottom of the 5th over - 0 runs, 0 hits, 0 errors, 0 left on base; Stockton 6 - Salinas 0 |
TOP OF THE 6TH |
Stockton Ports batting - Pitching for Salinas Fire Frogs : RHP Francisco Baeza
|
Batting: RHB Ramon Valdez
|
0-0: Foul Ball, location: 2F 0-1: Called Strike 0-2: Foul Ball, location: 2F 0-2: SINGLE (Groundball, 56D, EV 103.1 MPH)
|
Batting: RHB Pasquale Raimondo
|
0-0: Ball 1-0: Called Strike 1-1: SINGLE (Groundball, 6D, EV 93.8 MPH) Ramon Valdez to second Runner from 2nd tries for 3rd, SAFE, no throw by CF
|
Batting: LHB Christopher O'Brien
|
0-0: Called Strike 0-1: Fly out, F8 (Flyball, 78D, EV 108.1 MPH) Runner from 3rd tags up, SCORES, no throw by CF
|
Batting: SHB Tracy Edwards
|
0-0: Ball 1-0: Called Strike 1-1: Foul Ball, location: 2F 1-2: Foul Ball, location: 2F 1-2: Ball 2-2: Ball 3-2: Foul Ball, location: 2F 3-2: Fly out, F3 (Flyball, 3D, EV 85.6 MPH)
|
Batting: RHB Johnny Salery
|
0-0: Foul Ball, location: 2F 0-1: SINGLE (Line Drive, 8RS, EV 103.8 MPH) Pasquale Raimondo to second
|
Batting: SHB Jose Mercado
|
0-0: Called Strike 0-1: Foul Ball, location: 2F 0-2: Ball 1-2: Fly out, F8 (Flyball, 8LM, EV 96.3 MPH)
|
Top of the 6th over - 1 run, 3 hits, 0 errors, 2 left on base; Stockton 7 - Salinas 0 |
BOTTOM OF THE 6TH |
Salinas Fire Frogs batting - Pitching for Stockton Ports : RHP Jim Dorsey
|
Batting: RHB Bruce Seid
|
0-0: Fly out, F8 (Flyball, 8LD, EV 98.1 MPH)
|
Batting: RHB Bobby Morin
|
0-0: Hit by Pitch
|
Batting: RHB Carlos Urias
|
0-0: Foul Ball, location: 2F 0-1: Ball 1-1: Grounds into double play, 6-4-3 (Groundball, 6, EV 103.1 MPH)
|
Bottom of the 6th over - 0 runs, 0 hits, 0 errors, 0 left on base; Stockton 7 - Salinas 0 |
TOP OF THE 7TH |
Stockton Ports batting - Pitching for Salinas Fire Frogs : RHP Francisco Baeza
|
Pitching: RHP David Wong
|
|
Pinch Hitting: RHB Erik Peterson
|
0-0: Foul Ball, location: 2F 0-1: Ball 1-1: Ball 2-1: Called Strike 2-2: Foul Ball, location: 2F 2-2: Strikes out looking
|
Batting: RHB Timothy Presko
|
0-0: Swinging Strike 0-1: Foul Ball, location: 2F 0-2: Strikes out swinging
|
Pinch Hitting: RHB Eddie Lee
|
0-0: Ball 1-0: Fly out, F9 (Flyball, 89M, EV 90.0 MPH)
|
Top of the 7th over - 0 runs, 0 hits, 0 errors, 0 left on base; Stockton 7 - Salinas 0 |
BOTTOM OF THE 7TH |
Salinas Fire Frogs batting - Pitching for Stockton Ports : RHP Jim Dorsey
|
Now at 3B: Erik Peterson
|
|
Now in CF: Eddie Lee
|
|
Batting: LHB Raymond Smith
|
0-0: Ground out 1-3 (Groundball, 15S, EV 73.8 MPH)
|
Pinch Hitting: RHB Richard Gonzalez
|
0-0: SINGLE (Line Drive, 7S, EV 90.0 MPH)
|
Pinch Hitting: LHB Richard Vitato
|
0-0: Ball 1-0: Called Strike 1-1: Ball 2-1: Foul Ball, location: 2F 2-2: Fielders Choice at 2nd, 6-4 (Groundball, 6, EV 88.1 MPH)
|
Pinch Hitting: LHB Paul Ondo
|
0-0: Called Strike 0-1: Called Strike 0-2: Ball 1-2: Foul Ball, location: 2F 1-2: Ball 2-2: Foul Ball, location: 2F 2-2: Fly out, F8 (Line Drive, 8LM, EV 96.9 MPH)
|
Bottom of the 7th over - 0 runs, 1 hit, 0 errors, 1 left on base; Stockton 7 - Salinas 0 |
TOP OF THE 8TH |
Stockton Ports batting - Pitching for Salinas Fire Frogs : RHP David Wong
|
Now at 1B: Richard Doss
|
|
Now at SS: Richard Gonzalez
|
|
Now in RF: Paul Ondo
|
|
Pinch Hitting: RHB Steve Cordner
|
0-0: Called Strike 0-1: Ball 1-1: Ball 2-1: Fly out, F9 (Flyball, 89M, EV 85.6 MPH)
|
Batting: RHB Pasquale Raimondo
|
0-0: Foul Ball, location: 2F 0-1: Ball 1-1: Foul Ball, location: 2F 1-2: Ball 2-2: Foul Ball, location: 2F 2-2: DOUBLE (Line Drive, 3D, EV 104.4 MPH)
|
Batting: LHB Christopher O'Brien
|
0-0: Called Strike 0-1: Ball 1-1: Ball 2-1: Ball 3-1: Foul Ball, location: 2F 3-2: SINGLE (Line Drive, 6MD, EV 107.5 MPH) Pasquale Raimondo to third Runner from 3rd tries for Home, SAFE, throw by CF to home Christopher O'Brien to second
|
Pitching: RHP Thomas Schneider
|
|
Batting: SHB Tracy Edwards
|
0-0: Ball 1-0: Ground out 4-3 (Groundball, 4, EV 82.5 MPH) Christopher O'Brien to third
|
Batting: RHB Johnny Salery
|
0-0: Ball 1-0: Ball 2-0: Ball 3-0: Base on Balls
|
Batting: SHB Jose Mercado
|
0-0: Ball 1-0: Ball 2-0: Ball 3-0: Base on Balls Johnny Salery to second
|
Batting: RHB Erik Peterson
|
0-0: Called Strike 0-1: Foul Ball, location: 2F 0-2: Strikes out swinging
|
Top of the 8th over - 1 run, 2 hits, 0 errors, 3 left on base; Stockton 8 - Salinas 0 |
BOTTOM OF THE 8TH |
Salinas Fire Frogs batting - Pitching for Stockton Ports : RHP Jim Dorsey
|
Now at 1B: Steve Cordner
|
|
Batting: LHB Charles McGehee
|
0-0: Ball 1-0: Ball 2-0: Ball 3-0: Base on Balls
|
Batting: RHB Ramon Jimenez
|
0-0: Ball 1-0: Ball 2-0: Swinging Strike 2-1: Foul Ball, location: 2F 2-2: Foul Ball, location: 2F 2-2: Strikes out looking
|
Batting: RHB Bruce Seid
|
0-0: Called Strike 0-1: Swinging Strike 0-2: Ball 1-2: Strikes out looking
|
Pinch Hitting: LHB Kent Keiser
|
0-0: Ball 1-0: Ball 2-0: Ball 3-0: Base on Balls Charles McGehee to second
|
Pinch Hitting: SHB Terry Raley
|
0-0: Ball 1-0: Called Strike 1-1: Ball 2-1: Fly out, F8 (Flyball, 8LD, EV 86.3 MPH)
|
Bottom of the 8th over - 0 runs, 0 hits, 0 errors, 2 left on base; Stockton 8 - Salinas 0 |
TOP OF THE 9TH |
Stockton Ports batting - Pitching for Salinas Fire Frogs : RHP Thomas Schneider
|
Now at 3B: Terry Raley
|
|
Now in LF: Kent Keiser
|
|
Batting: RHB Timothy Presko
|
0-0: Called Strike 0-1: Ball 1-1: Ball 2-1: Foul Ball, location: 2F 2-2: Ball 3-2: Strikes out looking
|
Batting: RHB Eddie Lee
|
0-0: Called Strike 0-1: Called Strike 0-2: Ground out 6-3 (Groundball, 6, EV 87.5 MPH)
|
Batting: RHB Steve Cordner
|
0-0: Foul Ball, location: 2F 0-1: Ball 1-1: Foul Ball, location: 2F 1-2: Ball 2-2: DOUBLE (Flyball, 3D, EV 101.9 MPH)
|
Batting: RHB Pasquale Raimondo
|
0-0: Fly out, F7 (Flyball, 7S, EV 91.3 MPH)
|
Top of the 9th over - 0 runs, 1 hit, 0 errors, 1 left on base; Stockton 8 - Salinas 0 |
BOTTOM OF THE 9TH |
Salinas Fire Frogs batting - Pitching for Stockton Ports : RHP Jim Dorsey
|
Batting: LHB Raymond Smith
|
0-0: Ball 1-0: Ball 2-0: Called Strike 2-1: Ball 3-1: Base on Balls
|
Batting: RHB Richard Gonzalez
|
0-0: Ball 1-0: Foul Ball, location: 2F 1-1: Foul Ball, location: 2F 1-2: Grounds into double play, 5-4-3 (Groundball, 25, EV 91.3 MPH)
|
Batting: RHB Richard Doss
|
0-0: Ball 1-0: Ball 2-0: Swinging Strike 2-1: Called Strike 2-2: Strikes out swinging
|
Bottom of the 9th over - 0 runs, 0 hits, 0 errors, 0 left on base; Stockton 8 - Salinas 0 |
|